 Dungeon Crawl Stone Soup version 0.23-a0-419-g0174fd80c1 (webtiles) character file.

6301 LostNumber the Summoner (level 10, -8/77 HPs)
             Began as a Mummy Summoner on Nov 14, 2018.
             Was a Follower of Ashenzari.
             Mangled by a vampire (12 damage)
             ... on level 10 of the Dungeon.
             The game lasted 00:19:15 (12063 turns).

LostNumber the Summoner (Mummy Summoner)           Turns: 12063, Time: 00:19:16

Health: -8/77      AC:  9    Str: 12    XL:     10   Next: 63%
Magic:  18/22      EV: 12    Int: 21    God:    Ashenzari [*.....]
Gold:   290        SH:  0    Dex: 17    Spells: 11/25 levels left

rFire    x . .     SeeInvis +   m - +2 spear (pierce)
rCold    + . .     Gourm    .   (no shield)
rNeg     + + +     Faith    .   o - +1 leather armour {MR+}
rPois    ∞         Spirit   .   (no helmet)
rElec    .         Reflect  .   B - +0 cloak {MR+} (curse)
rCorr    .         Harm     .   b - +0 pair of gloves
MR       +++..                  x - +2 pair of boots "Egep" {Int+3} (curse)
Stlth    ++........             (no amulet)
HPRegen  0.22/turn              v - ring of see invisible (curse)
MPRegen  0.18/turn              i - +5 ring of dexterity

@: no status effects
A: no food or potions, fire vulnerability, cold resistance 1, negative energy
resistance 3, torment resistance, unbreathing
a: Curse Item, Scrying, Renounce Religion


You were on level 10 of the Dungeon.
You worshipped Ashenzari.
Ashenzari was aware of your devotion.
You were not hungry.

You visited 1 branch of the dungeon, and saw 10 of its levels.
You also visited: Ossuary.

You collected 518 gold pieces.
You spent 228 gold pieces at shops.

Inventory:

Hand Weapons
 e - a +0 mace
 l - a +1 falchion of electrocution
 m - a +2 spear of piercing (weapon)
Armour
 a - a +0 robe
 b - a +0 pair of gloves (worn)
 n - a +0 cloak
 o - a +1 leather armour of magic resistance (worn)
 q - a +0 pair of boots
 x - the cursed +2 pair of boots "Egep" (worn) {Int+3}
   (You bought it in a shop on level 5 of the Dungeon)

   It affects your intelligence (+3).
   It has a curse placed upon it.
 z - a scarf of spirit shield
 B - a cursed +0 cloak of magic resistance (worn)
Jewellery
 g - a +5 ring of strength
 i - a +5 ring of dexterity (right hand)
 s - an uncursed amulet of magic regeneration
 v - a cursed ring of see invisible (left hand)
 y - an uncursed ring of magical power
Wands
 w - a wand of clouds (5)
 A - a wand of paralysis (4)
 C - a wand of digging (4)
Scrolls
 c - 2 scrolls of identify
 d - 4 scrolls of remove curse
 f - 9 scrolls of teleportation
 h - a scroll of magic mapping
 j - 3 scrolls of fog
 k - 3 scrolls of enchant armour
 p - a scroll of fear
 r - a scroll of vulnerability
 t - a scroll of summoning
 u - 3 scrolls of amnesia
 D - a scroll of enchant weapon


   Skills:
 + Level 6.6 Fighting
 * Level 1.5 Polearms
 + Level 2.3 Dodging
 - Level 1.5 Stealth
 - Level 8.0 Spellcasting
 * Level 8.8 Summonings
 - Level 5.0 Ice Magic
 - Level 5.0 Air Magic


You had 11 spell levels left.
You knew the following spells:

 Your Spells              Type           Power        Failure   Level  Hunger
a - Summon Small Mammal   Summ           ####         1%          1    N/A
b - Call Imp              Summ           #####...     1%          2    N/A
c - Call Canine Familiar  Summ           #####...     1%          3    N/A
d - Summon Ice Beast      Ice/Summ       #####...     6%          4    N/A
e - Summon Lightning Spi  Summ/Air       #####...     6%          4    N/A

Your spell library contained the following spells:

 Spells                   Type           Power        Failure   Level  Hunger
 Summon Guardian Golem    Hex/Summ       ####....     4%          3    N/A
 Animate Skeleton         Necr           N/A          10%         1    N/A
 Apportation              Tloc           #.....       10%         1    N/A
 Confusing Touch          Hex            #.....       10%         1    N/A

Dungeon Overview and Level Annotations

Branches:
Dungeon (10/15)            Temple (0/1) D:7
   Lair: D:8-11         Orc: D:9-12

Altars:
Ashenzari
Cheibriados
Elyvilon
Fedhas
Gozag
Nemelex Xobeh
Yredelemnul
Zin

Shops:
D:5 [

Annotations:
D:7 2 runed doors, oberejnoburuli's ghost, novice DECj


Innate Abilities, Weirdness & Mutations

You do not eat or drink.
Your flesh is vulnerable to fire.
You are immune to poison.
Your flesh is cold resistant. (rC+)
You are immune to negative energy. (rN+++)
You are immune to unholy pain and torment.
You can survive without breathing.


Message History

* * * LOW HITPOINT WARNING * * *
You are too injured to fight recklessly!
Unknown command.
Evoke which item? (* to show all) (? for menu, Esc to quit)
Aiming: Paralyse
Press: ? - help, Shift-Dir - straight line, f/p - vampire
Aim: a vampire (moderately damaged, slightly transparent, chance to defeat MR: The vampire easily resists.
Your wolf bites the vampire.
The vampire barely misses you. The vampire bites you.
* * * LOW HITPOINT WARNING * * *
Evoke which item? (* to show all) (? for menu, Esc to quit)
Aiming: Paralyse
Press: ? - help, Shift-Dir - straight line, f/p - vampire
Aim: a vampire (heavily damaged, slightly transparent, chance to defeat MR: The vampire easily resists.
Your wolf bites the vampire but does no damage.
The vampire hits you!
* * * LOW HITPOINT WARNING * * *
The vampire bites you!
You die...

.... ###+####### #.### .....
.#........# ##'#### .....
.#........# #.....#
....!.###.+........### #.....###
......#............'<####...(.##.
......†.†# .#.#...#....'.....'..
#.w#######.'#######.....###
#..#.....#..# #.....#
#.y#.)⌠..h@)# ####'##
#..#.....#V## #.# ##.#######.##
#># #.#8#.#.#..# #.#
#...{†.....##########.##
######.#(#.+.......<...##
+.###.#########.#(.## #...#.#
#.....# ###.#.# ###...#


You could see a vampire (invisible) and a friendly wolf.

Vanquished Creatures
  A hydra (D:9)
  A two-headed ogre (D:8)
  5 yaks
  2 vampire mosquitoes (D:10)
  Menkaure (D:7)
  A black bear (D:6)
  An orc warrior (D:8)
  An ice beast (D:6)
  A sky beast (D:5)
  An ogre (D:10)
  2 scorpions
  2 killer bees (D:10)
  2 wights
  A howler monkey (D:5)
  2 crimson imps
  A hound (D:9)
  2 orc priests
  2 jellies (D:6)
  A bullfrog skeleton (D:7)
  Jessica (D:2)
  An iguana (D:8)
  Natasha (twice) (D:4)
  11 orc wizards
  2 worker ants
  8 mummies (Ossuary)
  A howler monkey skeleton (D:8)
  4 adders
  A gnoll (D:6)
  5 shadow imps
  An ooze (D:3)
  A worm (D:2)
  8 dart slugs
  3 leopard geckos
  11 orcs
  5 bats
  4 giant cockroaches
  7 goblins
  5 hobgoblins
  5 quokkas
  A ball python (D:1)
  6 frilled lizards
  2 goblin skeletons (Ossuary)
  A jackal skeleton (D:7)
  9 kobolds
  2 kobold skeletons (Ossuary)
  A leopard gecko skeleton (D:8)
  2 orc skeletons (Ossuary)
  A quokka skeleton (D:4)
  6 rats
  11 rat skeletons (Ossuary)
  2 rat zombies (D:4)
  A spectral orc (D:3)
161 creatures vanquished.

Vanquished Creatures (collateral kills)
  2 two-headed ogres
  Maurice (D:8)
  A hippogriff (D:9)
  2 dream sheep (D:9)
  A vampire (D:9)
  5 yaks
  2 vampire mosquitoes (D:10)
  A water moccasin (D:7)
  A centaur (D:10)
  2 ogres
  4 big kobolds (D:9)
  A bullfrog (D:10)
  3 killer bees (D:10)
  A scorpion (D:8)
  6 wights
  A crimson imp (D:7)
  A centaur skeleton (D:9)
  A jelly (D:9)
  2 bullfrog skeletons
  3 orc priests
  7 orc wizards
  2 worker ants
  Natasha (D:4)
  5 mummies (Ossuary)
  A worker ant zombie (D:5)
  2 gnolls (D:6)
  3 adders
  15 orcs
  A bat (D:2)
  2 giant cockroaches
  A goblin (D:1)
  3 hobgoblins
  3 jackals (D:3)
  A frilled lizard (D:5)
  A gnoll skeleton (Ossuary)
  4 kobolds
  A kobold skeleton (Ossuary)
  A rat (D:2)
95 creatures vanquished.

Grand Total: 256 creatures vanquished

Notes
Turn   | Place    | Note
-------+----------+-------------------------------------------
     0 | D:1      | LostNumber the Mummy Summoner began the quest for the Orb.
     0 | D:1      | Reached XP level 1. HP: 13/13 MP: 4/4
   524 | D:1      | Reached XP level 2. HP: 18/20 MP: 3/5
   533 | D:1      | Learned a level 2 spell: Call Imp
  1173 | D:1      | Reached skill level 1 in Fighting
  1410 | D:1      | Reached XP level 3. HP: 26/26 MP: 7/7
  1415 | D:1      | Learned a level 3 spell: Call Canine Familiar
  1488 | D:2      | Noticed Jessica
  1496 | D:2      | Killed Jessica
  1748 | D:2      | You fall through a shaft!
  1761 | D:3      | Reached XP level 4. HP: 31/32 MP: 5/9
  1778 | D:3      | Learned a level 4 spell: Summon Ice Beast
  3145 | D:3      | Found a basalt altar of Yredelemnul.
  3258 | D:3      | Reached skill level 1 in Ice Magic
  3258 | D:3      | Reached XP level 5. HP: 37/38 MP: 10/10
  3306 | D:4      | Found a blossoming altar of Fedhas.
  3348 | D:4      | Noticed Natasha
  3353 | D:4      | Killed Natasha
  3397 | D:4      | Found a shattered altar of Ashenzari.
  3417 | D:4      | Became a worshipper of Ashenzari the Shackled
  3450 | D:4      | Found a sand-covered staircase.
  3471 | Ossuary  | Entered an ossuary
  3657 | Ossuary  | Reached XP level 6. HP: 14/45 MP: 9/12
  5054 | D:4      | Noticed Natasha
  5077 | D:4      | Killed Natasha
  5089 | D:4      | Found a blossoming altar of Fedhas.
  5154 | D:4      | Reached skill level 5 in Summonings
  5387 | D:4      | Noticed Natasha
  5394 | D:4      | Killed Natasha
  5425 | D:4      | Found a snail-covered altar of Cheibriados.
  5578 | D:5      | Entered Level 5 of the Dungeon
  5578 | D:5      | Found Oskax's Antique Armour Emporium.
  5591 | D:5      | Reached XP level 7. HP: 49/51 MP: 10/13
  5653 | D:5      | Found an opulent altar of Gozag.
  6125 | D:6      | Reached skill level 5 in Spellcasting
  6187 | D:6      | Learned a level 4 spell: Summon Lightning Spire
  6377 | D:6      | Reached * piety under Ashenzari
  6395 | D:6      | Reached XP level 8. HP: 53/59 MP: 12/16
  6901 | D:7      | Found a staircase to the Ecumenical Temple.
  7005 | D:7      | Noticed Menkaure
  7019 | D:7      | Killed Menkaure
  7051 | D:7      | Found a large runed door.
  7052 | D:7      | Found a large runed door.
  7054 | D:7      | Noticed oberejnoburuli's ghost (novice DECj)
  7264 | D:7      | Found a sparkling altar of Nemelex Xobeh.
  7435 | D:5      | Bought a pair of faintly humming boots for 228 gold pieces
  7445 | D:5      | Identified the +2 pair of boots "Egep" {Int+3} (You bought
                  | it in a shop on level 5 of the Dungeon)
  7508 | D:8      | Found a glowing silver altar of Zin.
  7643 | D:8      | Noticed a two-headed ogre
  7643 | D:8      | Noticed a two-headed ogre
  7657 | D:8      | Killed a two-headed ogre
  7657 | D:8      | Reached skill level 5 in Ice Magic
  7679 | D:8      | Killed a two-headed ogre
  7679 | D:8      | Reached skill level 5 in Fighting
  7679 | D:8      | Reached XP level 9. HP: 47/68 MP: 1/19
  8174 | D:8      | Noticed Maurice
  8201 | D:8      | Killed Maurice
  9068 | D:9      | Reached XP level 10. HP: 45/76 MP: 16/21
  9218 | D:9      | Noticed a three-headed hydra
  9231 | D:9      | Killed a three-headed hydra
  9361 | D:9      | Found a white marble altar of Elyvilon.
 10011 | D:9      | Noticed a two-headed ogre
 10020 | D:9      | Killed a two-headed ogre
 10504 | D:10     | Entered Level 10 of the Dungeon
 10791 | D:10     | Reached skill level 5 in Air Magic
 10820 | D:10     | Reached skill level 1 in Polearms
 12019 | D:10     | Found the +12 Vampire's Tooth {vamp}
 12063 | D:10     | Mangled by a vampire

Vault maps used:
D:1:      shiori_arrival_maze
D:2:      first_ration, uniq_jessica
D:3:      yredelemnul_forgotten_temple_becter, st_stairs_13
D:4:      marbit_many_paths, evilmike_ruin_ashenzari, old_standard_altar,
          enter_ossuary_4, fedhas_ov_isle_minmay, uniq_natasha
D:5:      nicolae_gozag_cash_rules_everything_around_me, serial_shops,
          nicolae_shop_crystal, hex_tiny
D:7:      nemelex_altar_shiori, minmay_temple_entry_overgrown,
          ebering_ghost_disaster_area, uniq_menkaure
D:8:      zin_academy, uniq_maurice
D:9:      elyvilon_altar_3, hangedman_ranch
D:10:     lair_entry_dummy, serial_shops, kennysheep_mini,
          minmay_guarded_unrand_vampires_tooth
Ossuary:  ossuary_due_small_catacomb

Skill      XL: |  1  2  3  4  5  6  7  8  9 10 |
---------------+-------------------------------+-----
Spellcasting   | 3 4 5 6 7 8 |  8.0
Fighting       | 1 2 3 5 6 |  6.6
Summonings     | 4 5 7 8 |  8.8
Ice Magic      | 1 2 3 5 |  5.0
Air Magic      | 2 3 5 |  5.0
Dodging        | 2 |  2.3
Polearms       | 1 |  1.5
Stealth        | |  1.5

Action                   |  1- 3 |  4- 6 |  7- 9 | 10-12 || total
-------------------------+-------+-------+-------+-------++-------
Melee: Unarmed           |    64 |       |       |       ||    64
       Mace              |    53 |   132 |       |       ||   185
       Spear             |       |   146 |   312 |   195 ||   653
       Falchion          |       |     4 |       |       ||     4
 Cast: Summon Small Mamm |     7 |       |       |       ||     7
       Call Imp          |     3 |     6 |    23 |       ||    32
       Call Canine Famil |     1 |    24 |    26 |     8 ||    59
       Summon Ice Beast  |       |       |     9 |    21 ||    30
       Summon Lightning  |       |       |     1 |    10 ||    11
Invok: Curse Item        |       |       |     3 |       ||     3
Evoke: Wand              |       |       |     1 |     5 ||     6
  Use: Scroll            |       |     6 |     4 |     1 ||    11
 Stab: Sleeping          |     6 |    15 |       |     3 ||    24
       Distracted        |       |     2 |     2 |     1 ||     5
       Paralysed         |       |       |       |     6 ||     6
Armor: Robe              |    22 |    48 |       |       ||    70
       Leather armour    |       |     5 |    79 |    66 ||   150
Dodge: Dodged            |    73 |   139 |   112 |   108 ||   432
       Rpst.: Falchion   |       |     2 |       |       ||     2

Table legend:
 A = Non-vault XP
 B = Vault XP
 C = Vault XP percentage of total XP
 D = Non-vault monster count
 E = Vault monster count
 F = Vault count percentage of total count
                 A         B        C        D         E       F
            +---------+---------+-------+---------+---------+-------
      Total |    6428 |    2574 |  28.6 |     200 |      56 |  21.9
            +---------+---------+-------+---------+---------+-------
        D:1 |      39 |       3 |   7.1 |      22 |       2 |   8.3
        D:2 |      70 |      37 |  34.6 |      22 |       1 |   4.3
        D:3 |      50 |       3 |   5.7 |      22 |       2 |   8.3
        D:4 |     221 |      64 |  22.5 |      17 |       4 |  19.0
        D:5 |     287 |       0 |   0.0 |      12 |       0 |   0.0
        D:6 |     491 |       0 |   0.0 |      12 |       0 |   0.0
        D:7 |     410 |     129 |  23.9 |      13 |       1 |   7.1
        D:8 |    1780 |     235 |  11.7 |      28 |       1 |   3.4
        D:9 |    2205 |    1409 |  39.0 |      36 |       9 |  20.0
       D:10 |     875 |     466 |  34.8 |      16 |       4 |  20.0
    Ossuary |       0 |     228 | 100.0 |       0 |      32 | 100.0
            +---------+---------+-------+---------+---------+-------
